 Dungeon Crawl Stone Soup version 0.22-a0-278-g8f80174 (webtiles) character file.

336 neds the Ruffian (level 6, 0/82 HPs)
             Began as a Troll Hunter on Mar 15, 2018.
             Was an Initiate of the Shining One.
             Succumbed to a scorpion's poison
             ... on level 4 of the Dungeon.
             The game lasted 00:08:53 (2355 turns).

neds the Ruffian (Troll Hunter)                     Turns: 2355, Time: 00:08:54

Health: 0/82       AC:  5    Str: 26    XL:     6   Next: 28%
Magic:  5/5        EV: 10    Int:  7    God:    the Shining One [......]
Gold:   137        SH:  0    Dex: 12    Spells: 5/5 levels left

rFire    . . .     SeeInvis .     - Unarmed
rCold    . . .     Gourm    +   (no shield)
rNeg     . . .     Faith    .   b - +0 robe
rPois    .         Spirit   .   (helmet restricted)
rElec    .         Reflect  .   (no cloak)
rCorr    .         Harm     .   (gloves unavailable)
MR       .....                  (boots unavailable)
Stlth    ..........             (no amulet)
HPRegen  0.63/turn              (no ring)
MPRegen  0.09/turn              (no ring)

@: berserking (expiring), lethally poisoned (0 -> 0), glowing, very quick
A: large, unfitting armour, claws 3, fast metabolism 3, gourmand, regeneration
1, shaggy fur 1, tough skin 2
a: Renounce Religion


You were on level 4 of the Dungeon.
You worshipped the Shining One.
The Shining One was noncommittal.
You were completely stuffed.

You visited 2 branches of the dungeon, and saw 5 of its levels.

You collected 137 gold pieces.

Inventory:

Hand Weapons
 a - a +0 short sword
 s - a +0 blowgun
Missiles
 c - 5 large rocks (quivered)
 d - 2 throwing nets
 t - 14 poisoned needles
Armour
 b - a +0 robe (worn)
 h - a scarf of cloud immunity
 i - a +0 shield
Jewellery
 j - a +3 ring of intelligence {unknown}
 l - a cursed -4 ring of evasion {unknown}
Scrolls
 e - a scroll of enchant weapon {unknown}
 g - 2 scrolls of random uselessness
 k - 5 scrolls of identify
 o - a scroll of remove curse {unknown}
 u - a scroll of immolation {unknown}
Potions
 n - 2 potions of berserk rage
 p - 3 potions of curing {unknown}
 q - 2 potions of agility {unknown}
 r - a potion of mutation {unknown}
 v - a potion of cancellation {unknown}
 w - a potion of invisibility {unknown}
Comestibles
 f - 6 rations
 m - a chunk of flesh


   Skills:
 - Level 1.5 Fighting
 - Level 5.0 Throwing
 - Level 1.5 Dodging
 - Level 0.3 Stealth
 + Level 5.1 Unarmed Combat


You had 5 spell levels left.
You didn't know any spells.

Dungeon Overview and Level Annotations

Branches:
Dungeon (4/15)             Temple (1/1) D:4

Altars:
Dithmenos
Fedhas
Wu Jian
Xom
The Shining One

Shops:
D:4 =


Innate Abilities, Weirdness & Mutations

You are too large for most types of armour.
You have claws for hands.
Your metabolism is lightning-fast.
You like to eat raw meat.
Your natural rate of healing is unusually fast.
You are covered in fur. (AC +1)
You have very tough skin. (AC +2)


Message History

* * * LOW HITPOINT WARNING * * *
You feel sick.
It was a potion of berserk rage.
A red film seems to cover your vision as you go berserk!
You feel yourself moving faster!
You feel mighty!
* * * LOW HITPOINT WARNING * * *
You feel sick.
The giant cockroach bites you but does no damage.
You are too berserk!
You closely miss the giant cockroach. The giant cockroach closely misses you.
You claw the giant cockroach!
You kill the giant cockroach!
* * * LOW HITPOINT WARNING * * *
You feel sick.
Things that are here:
a giant cockroach corpse; a scorpion corpse
There is a lethal amount of poison in your body!
You are too berserk!
You feel a strong urge to attack something.
You die...

...............#
.......##.###### ..
##+######.## ..# .....#
#...# ..###.# .⌠.⌠.###...#
######......# ..>..'.#...#
#............
.⌠.⌠.#.#...#####.#........#.
.....#...).....#.#..#.......
##'###..........@...#..a....
...............#†##.#.......
######.#(..#[###....(.....#
#.#...#.# ####...$.....
#.#...#.# ####.#####
#.#...#.# .# #.##.##.# .
....[...# ## #########


There were no monsters in sight!

Vanquished Creatures
  2 scorpions (D:4)
  2 worker ants (D:4)
  5 gnolls
  8 adders
  A worm (D:3)
  2 dart slugs (D:1)
  2 leopard geckos
  A ball python (D:1)
  6 giant cockroaches
  9 goblins
  7 hobgoblins
  4 jackals (D:4)
  2 quokkas
  4 bats
  4 frilled lizards
  7 kobolds
  A quokka skeleton (D:4)
  7 rats
74 creatures vanquished.

Notes
Turn   | Place    | Note
-------+----------+-------------------------------------------
     0 | D:1      | neds the Troll Hunter began the quest for the Orb.
     0 | D:1      | Reached XP level 1. HP: 19/19 MP: 0/0
   215 | D:1      | Reached skill level 1 in Unarmed Combat
   215 | D:1      | Reached XP level 2. HP: 26/27 MP: 1/1
   428 | D:1      | Reached XP level 3. HP: 27/33 MP: 2/2
  1026 | D:2      | Reached XP level 4. HP: 38/41 MP: 3/3
  1104 | D:2      | Found a faded altar of an unknown god.
  1538 | D:3      | Found a shadowy altar of Dithmenos.
  1637 | D:3      | Reached XP level 5. HP: 48/48 MP: 4/4
  2011 | D:4      | Reached skill level 5 in Throwing
  2188 | D:4      | Found Xyufidicia's Jewellery Boutique.
  2256 | D:4      | Found a staircase to the Ecumenical Temple.
  2272 | Temple   | Entered the Ecumenical Temple
  2288 | Temple   | Became a worshipper of the Shining One
  2345 | D:4      | Reached XP level 6. HP: 30/55 MP: 5/5
  2349 | D:4      | HP: 2/55 [scorpion (7)]
  2350 | D:4      | Reached skill level 5 in Unarmed Combat
  2355 | D:4      | Succumbed to a scorpion's poison

Vault maps used:
D:1:      erik_arrival_triangle_small
D:2:      chequers_ecumenical_altar_island
D:3:      grunt_dithmenos_smoke_and_mirrors, st_stairs_8
D:4:      minmay_temple_entry_hall, serial_shops, shop
Temple:   nicolae_temple_elliptical

Skill      XL: |  1  2  3  4  5  6 |
---------------+-------------------+-----
Unarmed Combat | 1 2 3 4 5 |  5.1
Throwing       | 4 5 |  5.0
Fighting       | |  1.5
Dodging        | |  1.5
Stealth        | |  0.3

Action                   |  1- 3 |  4- 6 || total
-------------------------+-------+-------++-------
Melee: Unarmed           |    92 |   123 ||   215
       Punch             |       |     5 ||     5
Throw: Large rock        |       |     1 ||     1
  Use: Scroll            |       |     1 ||     1
       Potion            |       |     1 ||     1
 Stab: Sleeping          |       |     2 ||     2
  Eat: Chunk             |    15 |    12 ||    27
Armor: Robe              |    32 |    39 ||    71
Dodge: Dodged            |    43 |    60 ||   103

Table legend:
 A = Spawn XP
 B = Non-spawn XP
 C = Spawn XP percentage of total XP
 D = Spawn monster count
 E = Non-spawn monster count
 F = Spawn count percentage of total count
 G = Total turns spent on level
                    A         B        C        D         E        F      G
               +---------+---------+-------+---------+---------+-------+---------
         Total |       0 |     480 |   0.0 |       0 |      74 |   0.0 |  2355
               +---------+---------+-------+---------+---------+-------+---------
           D:1 |       0 |      42 |   0.0 |       0 |      15 |   0.0 |   657
           D:2 |       0 |      85 |   0.0 |       0 |      23 |   0.0 |   703
           D:3 |       0 |     118 |   0.0 |       0 |      20 |   0.0 |   637
           D:4 |       0 |     235 |   0.0 |       0 |      16 |   0.0 |   329
               +---------+---------+-------+---------+---------+-------+---------
